 Dungeon Crawl Stone Soup version 0.32-a0-841-g4648e6c457 (webtiles) character file.

Game seed: 4907016544742399789

1572 BubbleThief the Grappler (level 8, -1/55 HPs)
             Began as an Octopode Shapeshifter on Mar 27, 2024.
             Was a Priest of Wu Jian.
             Slain by a steam dragon (5 damage)
             ... on level 6 of the Dungeon.
             The game lasted 00:07:59 (4755 turns).

BubbleThief the Grappler (Octopode Shapeshifter)    Turns: 4755, Time: 00:08:00

Health: -1/55      AC:  1    Str: 15    XL:     8   Next: 90%
Magic:  8/8        EV: 13    Int: 13    God:    Wu Jian [***...]
Gold:   303        SH:  5    Dex: 11    Spells: 7/7 levels left

rFire   . .          .
                       - Unarmed
rCold   . . .        (no shield)
rNeg    . . .        (helmet currently unavailable)
rPois   .            f - amulet of reflection
rElec   .            u - ring of wizardry
rCorr   .            (no ring)
SInv    .            (no ring)
Will    .....        (no ring)
Stlth   ++           (no ring)
HPRegen 0.29/turn    (no ring)
MPRegen 0.11/turn    (no ring)
                     (no ring)

%: reflection, wizardry (x1)
@: beast-form
A: beast (slay +1), almost no armour, amphibious, 8 rings, camouflage 1,
gelatinous body 1, (nimble swimmer 1), tentacles
a: Begin Untransformation, Renounce Religion, Wall Jump, Serpent's Lash


You were on level 6 of the Dungeon.
You worshipped Wu Jian.
Wu Jian was most pleased with you.
You were a hulking beast.
You visited 1 branch of the dungeon, and saw 6 of its levels.
You also visited: Sewer.

You collected 303 gold pieces.

Inventory:

Jewellery
 f - an amulet of reflection (around mantle)
 m - the ring "Roriofeg" {Ice ^Drain rN+ Will+}
   (You found it on level 2 of the Dungeon)

   [ring of ice]

   Ice:       It enhances your ice magic.
   rF-:       It makes you vulnerable to fire.
   rC+:       It protects you from cold.
   rN+:       It protects you from negative energy.
   Will+:     It increases your willpower.
   ^Drain:    It drains your maximum health when unequipped.
 t - an amulet of magic regeneration
 u - a ring of wizardry (left tentacle)
Talismans
 b - a beast talisman (active)
 c - a flux talisman
Wands
 r - a wand of flame (28)
Scrolls
 d - a scroll of enchant weapon
 e - a scroll of enchant armour
 g - 2 scrolls of teleportation
 h - a scroll of revelation
 i - a scroll of blinking
 n - a scroll of identify
 o - a scroll of amnesia {unknown}
 q - 2 scrolls of poison {unknown}
Potions
 a - a potion of lignification
 j - a potion of berserk rage {unknown}
 k - 3 potions of curing {unknown}
 l - a potion of enlightenment {unknown}
 p - 2 potions of heal wounds {unknown}
 s - a potion of haste {unknown}


   Skills:
 + Level 5.3 Fighting
 + Level 5.7 Dodging
 * Level 8.3 Unarmed Combat
 - Level 3.0 Shapeshifting


You had 7 spell levels left.
You didn't know any spells.
Your spell library contained the following spells:

 Spells                   Type           Power      Damage    Failure   Level
 Call Canine Familiar     Summ           0%         N/A       34%         3
 Passwall                 Erth           0%         N/A       34%         3
 Sigil of Binding         Hex            0%         N/A       34%         3
 Volatile Blastmotes      Fire/Tloc      0%         2d10      34%         3
 Dimensional Bullseye     Hex/Tloc       0%         N/A       73%         4
 Vhi's Electric Charge    Tloc/Air       0%         N/A       73%         4
 Arcjolt                  Conj/Air       0%         1d10      96%         5
 Bombard                  Conj/Erth      0%         9d1       100%        6
 Plasma Beam              Fire/Air       0%         2x1d10    100%        6
 Chain Lightning          Conj/Air       0%         N/A       100%        9
 Fire Storm               Conj/Fire      0%         5d1       100%        9
 Shatter                  Erth           0%         3d5*      100%        9


Dungeon Overview and Level Annotations

Branches:
Dungeon (6/15)              Sewer (visited)
 Temple: D:4-7

Altars:
Ashenzari
Elyvilon
Ru
Vehumet
Wu Jian
Zin
The Shining One

Shops:
D:2 (

Annotations:
D:5 1 runed translucent door, Edmund; sychorax's ghost, novice OpEE


Innate Abilities, Weirdness & Mutations

You are a hulking beast.
Your limbs bulge with bestial killing power. (Slay +1)
You cannot wear most types of armour.
You are amphibious.
You can wear up to eight rings at the same time.
Your skin changes colour to match your surroundings (Stealth+).
Your rubbery body absorbs attacks. (AC +1, EV +1)
((You are camouflaged when in or above water. (Stealth+)))
You have tentacles for arms and can constrict up to eight enemies at once.


Message History

The phantom is moderately damaged.
The phantom closely misses you.
You tentacle-slap the phantom.
The phantom is heavily damaged.
The phantom barely misses you.
You bludgeon the phantom!
The phantom is severely damaged.
You bludgeon the phantom!
You destroy the phantom!
The Council accepts your kill.
No target in view!
Items here: )) [[ ÷÷.
A bombardier beetle comes into view.
A steam dragon comes into view.
You tentacle-slap the bombardier beetle.
You grab the bombardier beetle.
The bombardier beetle is moderately wounded.
You constrict the bombardier beetle. You bludgeon the bombardier beetle!
You squeeze the bombardier beetle.
You kill the bombardier beetle!
The Council accepts your kill.
You strike the helpless steam dragon from behind!
You tentacle-slap the steam dragon but do no damage.
The steam dragon breathes steam at you. The ball of steam hits you!!
You bludgeon the steam dragon!
The steam dragon is moderately wounded.
You are engulfed in a cloud of scalding steam.
The steam dragon breathes steam at you. The ball of steam hits you!!
* * * LOW HITPOINT WARNING * * *
You are too injured to fight recklessly!
Unknown command.
You spin and attack the steam dragon.
You tentacle-slap the steam dragon but do no damage.
The steam dragon is moderately wounded.
The steam dragon bites you!
* * * LOW HITPOINT WARNING * * *
The steam dragon claws you.
You die...

.##...#..##.........
.##..###.....#.....#
..#.####....########
#...........# #########
....######### #.......#
#...# #.......# ...##
#.......# #...##
#.D.....#
#.#..##########§h.....#
..............§.......#
........######........#
........# #..########
........####..##
..............
.........#.##.
........#.. ##
..........#


You could see a steam dragon (catching breath).

Vanquished Creatures
  Grinder (D:3)
  A black bear (D:6)
  An ice beast (D:5)
  2 phantoms
  2 bullfrogs (Sewer)
  4 scorpions
  3 bombardier beetles
  2 hounds
  A gnoll bouda (D:4)
  2 iguanas
  An orc priest (D:6)
  Jessica (D:3)
  2 orc wizards
  7 gnolls
  10 adders
  2 white imps
  9 dart slugs
  10 orcs
  14 ball pythons
  11 bats
  13 endoplasms
  17 giant cockroaches
  5 goblins (D:3)
  3 hobgoblins
  6 jackals (D:3)
  9 quokkas
  13 frilled lizards
  4 kobolds
  7 rats
163 creatures vanquished.

Notes
Turn   | Place    | Note
-------+----------+-------------------------------------------
     0 | D:1      | BubbleThief the Octopode Shapeshifter began the quest for
                  | the Orb.
     0 | D:1      | Reached XP level 1. HP: 13/13 MP: 1/1
    86 | D:1      | Found a faded altar of an unknown god.
   212 | D:1      | Reached XP level 2. HP: 18/18 MP: 2/2
   603 | D:2      | Found Juucrir's Weapon Boutique.
   813 | D:2      | Reached XP level 3. HP: 8/23 MP: 3/3
   814 | D:2      | HP: 1/23 [dart slug/slug dart (5)]
  1369 | D:2      | Identified the ring "Roriofeg" {Ice ^Drain rN+ Will+}
  1532 | D:3      | Reached skill level 4 in Unarmed Combat
  1548 | D:3      | Reached XP level 4. HP: 28/29 MP: 4/4
  1627 | D:3      | Noticed Grinder
  1663 | D:3      | Found a glowing golden altar of the Shining One.
  1664 | D:3      | Found a white marble altar of Elyvilon.
  1666 | D:3      | Found a glowing silver altar of Zin.
  1730 | D:3      | Found a sacrificial altar of Ru.
  1861 | D:3      | Found an ornate altar of the Wu Jian Council.
  1870 | D:3      | Became a worshipper of the Wu Jian Council
  2026 | D:3      | Noticed Jessica
  2031 | D:3      | Killed Jessica
  2284 | D:3      | Reached XP level 5. HP: 23/35 MP: 5/5
  2391 | D:3      | Reached * piety under Wu Jian
  2599 | D:4      | Reached skill level 5 in Unarmed Combat
  2599 | D:4      | Reached XP level 6. HP: 41/41 MP: 6/6
  2663 | D:4      | Found a radiant altar of Vehumet.
  2787 | D:4      | Identified the +2 robe of Gallantry {rC+}
  3198 | D:5      | Entered Level 5 of the Dungeon
  3445 | D:5      | Reached skill level 6 in Unarmed Combat
  3445 | D:5      | Reached XP level 7. HP: 45/46 MP: 7/7
  3473 | D:5      | Found a glowing drain.
  3488 | D:5      | Reached ** piety under Wu Jian
  3493 | Sewer    | Entered a sewer
  3813 | Sewer    | Reached *** piety under Wu Jian
  3982 | D:5      | Reached skill level 7 in Unarmed Combat
  3982 | D:5      | Reached XP level 8. HP: 54/54 MP: 8/8
  3992 | D:5      | Noticed Edmund
  4227 | D:3      | Killed Grinder
  4228 | D:3      | Reached skill level 5 in Dodging
  4336 | D:5      | Found a runed translucent door.
  4336 | D:5      | Noticed a yak
  4337 | D:5      | Noticed sychorax's ghost (novice OpEE)
  4434 | D:6      | Reached skill level 5 in Fighting
  4438 | D:6      | Reached skill level 8 in Unarmed Combat
  4601 | D:6      | Found a broken altar of Ashenzari.
  4755 | D:6      | Slain by a steam dragon

Illustrated notes

Levels and vault maps discovered:
D:1:      dpeg_arrival_castle, layout_rooms, shapermc_ecumenical_altar_ellora
D:2:      layout_loops_corners, serial_shops, nicolae_square_shop
D:3:      minmay_octagon_keep, layout_loops_ring, good_gods_temple_1,
          nicolae_ru_sacrificial_ziggurat, mainiacjoe_overflow_boulevard,
          mrwooster_statue_mirror, minivault_25, uniq_jessica, uniq_grinder
D:4:      layout_rooms, vehumet_crystals, palyth_stone_intersect, minivault_1
D:5:      layout_rooms, worldfamousw_hep_ancestral_shrine,
          ebering_ghost_inner_flame, gup_sewer_entry_pipe, st_stairs_11,
          minivault_23, uniq_edmund
D:6:      layout_rooms, mainiacjoe_overflow_brackets

Skill      XL: |  1  2  3  4  5  6  7  8 |
---------------+-------------------------+-----
Unarmed Combat | 4 5 6 7 8 |  8.3
Fighting       | 2 3 4 5 |  5.3
Dodging        | 3 4 5 |  5.7
Shapeshifting  | |  3.0

Action                     |  1- 3 |  4- 6 |  7- 9 || total
---------------------------+-------+-------+-------++-------
  Melee: Unarmed           |    57 |   106 |   143 ||   306
         Constrict         |    14 |    31 |    41 ||    86
         Tentacles         |     5 |    25 |    27 ||    57
         Punch             |     2 |     4 |     8 ||    14
 Invoke: Serpent's Lash    |       |       |     1 ||     1
Ability: Lunge             |       |     8 |    18 ||    26
         Whirlwind         |       |     1 |     1 ||     2
    Use: Scroll            |       |     8 |       ||     8
   Stab: Sleeping          |     1 |     6 |    13 ||    20
         Distracted        |       |       |     1 ||     1
 Armour: Skin              |    34 |    39 |    47 ||   120
  Dodge: Dodged            |    42 |    47 |    51 ||   140
  Block: Other             |       |       |     8 ||     8

Table legend: (Time is in decaauts)
 A = Elapsed time spent in this place.
 B = Non-inter-level travel time spent in this place.
 C = Inter-level travel time spent in this place.
 D = Time resting spent in this place.
 E = Time spent auto-exploring this place.
 F = Levels seen in this place.
 G = Mean time per level.
                   A        B        C        D        E       F      G
               +--------+--------+--------+--------+--------+-----+--------+
         Total |   4732 |   4489 |    243 |    366 |   3171 |   7 |  676.0 |
       Dungeon |   4317 |   4074 |    243 |    356 |   2978 |   6 |  719.5 |
         Sewer |    415 |    415 |      0 |     10 |    193 |   1 |  415.0 |
               +--------+--------+--------+--------+--------+-----+--------+

Top non-repeatable levels by time:
     D:3: 1098 daAuts
     D:4: 1029 daAuts
     D:2: 985 daAuts
     D:1: 521 daAuts
   Sewer: 415 daAuts
     D:5: 357 daAuts
     D:6: 325 daAuts
